 Dungeon Crawl Stone Soup version 0.21-a0-221-gfe971b9 (webtiles) character file.

11491 Kidiri the Thaumaturge (level 11, 0/63 HPs)
             Began as a Deep Elf Fire Elementalist on Aug 26, 2017.
             Was a Priest of Vehumet.
             Slain by a troll (8 damage)
             ... on level 10 of the Dungeon.
             The game lasted 00:51:15 (13007 turns).

Kidiri the Thaumaturge (DEFE)                      Turns: 13007, Time: 00:51:15

Health: 0/63       AC:  6    Str:  5    XL:     11   Next: 50%
Magic:  23/29      EV: 18    Int: 29    God:    Vehumet [***...]
Gold:   625        SH:  6    Dex: 22    Spells: 13/35 levels left

rFire    + + .     SeeInvis +   I - +6 dagger of Meaclu {vamp, *Rage Dex+7}
rCold    + . .     Gourm    .   x - +0 buckler
rNeg     . . .     Faith    .   G - +0 robe {rC+}
rPois    .         Spirit   .   a - +0 helmet {SInv}
rElec    .         Reflect  .   K - +0 cloak
rCorr    .         Harm     .   j - +0 pair of gloves
MR       +....     Rnd*Rage +   H - +0 pair of boots
Stlth    +++.......             (no amulet)
HPRegen  0.20/turn              F - ring of protection from fire
MPRegen  0.21/turn              v - +3 ring of intelligence

@: berserk cooldown
A: hooves 1, clever 1, deformed body, fire resistance 1
a: Renounce Religion


You were on level 10 of the Dungeon.
You worshipped Vehumet.
Vehumet was most pleased with you.
You were not hungry.

You visited 2 branches of the dungeon, and saw 11 of its levels.

You collected 625 gold pieces.

Inventory:

Hand Weapons
 w - a +6 dagger
 I - the +6 dagger of Meaclu (weapon) {vamp, *Rage Dex+7}
   (You found it on level 9 of the Dungeon)

   It inflicts no extra harm, but heals its wielder when it wounds a living foe.
   It affects your dexterity (+7).
   It may make you go berserk in combat.
Armour
 a - a +0 helmet of see invisible (worn)
 g - a +1 helmet
 j - a +0 pair of gloves (worn)
 k - a +0 leather armour of poison resistance
 x - a +0 buckler (worn)
 G - a +0 robe of cold resistance (worn)
 H - a +0 pair of boots (worn)
 K - a +0 cloak (worn)
Jewellery
 t - an uncursed ring of fire
 v - a +3 ring of intelligence (right hand)
 F - a ring of protection from fire (left hand)
Wands
 m - a wand of flame (40/48)
 q - a wand of polymorph (11/24)
 y - a wand of paralysis (6/24)
 C - a wand of enslavement (15/24)
 D - a wand of enslavement (10/24)
 J - a wand of random effects (25/48)
Scrolls
 e - 2 scrolls of teleportation
 h - a scroll of immolation
 i - 3 scrolls of recharging
 l - 6 scrolls of remove curse
 n - a scroll of vulnerability
Potions
 f - 3 potions of haste
 o - 2 potions of flight
 p - a potion of lignification {unknown}
 u - 2 potions of might
 z - a potion of resistance
 A - 3 potions of curing
 B - 2 potions of cancellation
 E - a potion of ambrosia
Books
 b - a book of Flames

   Spells                             Type                      Level
   a - Flame Tongue                   Conjuration/Fire             1
   b - Throw Flame                    Conjuration/Fire             2
   c - Conjure Flame                  Conjuration/Fire             3
   d - Inner Flame                    Hexes/Fire                   3
   e - Sticky Flame                   Conjuration/Fire             4
   f - Fireball                       Conjuration/Fire             5
Comestibles
 c - 14 bread rations
 d - 7 meat rations


   Skills:
 + Level 5.1 Fighting
 + Level 5.4 Short Blades
 + Level 4.6 Armour
 + Level 7.3 Dodging
 - Level 2.4 Stealth
 + Level 3.6 Shields
 * Level 12.5 Spellcasting
 + Level 7.0 Conjurations
 + Level 7.8 Fire Magic
 + Level 2.5 Earth Magic


You had 13 spell levels left.
You knew the following spells:

 Your Spells              Type           Power        Failure   Level  Hunger
a - Flame Tongue          Conj/Fire      #####        1%          1    None
b - Throw Flame           Conj/Fire      ######       1%          2    None
c - Conjure Flame         Conj/Fire      ######..     1%          3    None
d - Inner Flame           Hex/Fire       #####...     1%          3    None
e - Ignite Poison         Fire/Tmut/Pois ####....     1%          3    None
f - Sticky Flame          Conj/Fire      ######..     1%          4    None
g - Fireball              Conj/Fire      ######....   1%          5    ##.....
h - Sandblast             Erth           ####..       1%          1    None


Dungeon Overview and Level Annotations

Branches:
Dungeon (10/15)            Temple (1/1) D:6            Lair (0/6) D:10
    Orc (0/2) D:10

Altars:
Ashenzari
Cheibriados
Dithmenos
Elyvilon
Fedhas
Gozag
Hepliaklqana
Kikubaaqudgha
Makhleb
Nemelex Xobeh
Okawaru
Qazlal
Ru
Sif Muna
Trog
Uskayaw
Vehumet
Wu Jian
Xom
Yredelemnul
Zin
The Shining One
Lugonu

Annotations:
D:10 Erolcha, Josephine, Psyche


Innate Abilities, Weirdness & Mutations

You have large cloven feet.
Your mind is acute. (Int +2)
Armour fits poorly on your strangely shaped body.
Your flesh is heat resistant. (rF+)


Message History

The troll claws you.
Unknown command.
You hit the troll.
The troll is severely wounded.
The troll bites you!
* * * LOW HITPOINT WARNING * * *
The troll claws you!
* * * LOW HITPOINT WARNING * * *
The troll completely misses you.
The troll burns!
The troll stops burning.
Casting: Sticky Flame
Confirm with . or Enter, or press ? or * to list all spells.
Aiming: Sticky Flame
Press: ? - help, Shift-Dir - straight line, f/p - troll
Aim: a troll (severely wounded)
The sticky flame hits the troll.
The troll is severely wounded.
The troll is covered in liquid flames!
The troll burns!
The troll misses you. The troll claws you!
You die...

.........###.........
...................r..
..................... #
#.........†..(....... ..
#.##..........#'###..
...##.....(.....)#...#..
............###.#...#..
......#
##....)%....#.#...#..
#.....#
##..@.....(.#.#...#..
#..T..#
#...T......(#.#####..
#.W...#
#..).>......#........
#.....#
#...........#........
#..W..#
#......#....?#<......#
..WWc.#
.......#......#.......#
##'##
...............#.....###
.@..#
..........#....#.....#..
....#
.###...........#.....#..


You could see a troll (burning).

Vanquished Creatures
  Erica (D:8)
  A two-headed ogre (D:9)
  The ghost of motkurip the Cleaver, a novice MiGl of Makhleb (D:10)
  3 death yaks
  Pikel (D:7)
  Maurice (D:8)
  A gargoyle (D:10)
  2 trolls (D:9)
  The ghost of tidbits the Ruffian, a novice VSAM (D:6)
  A hornet (D:10)
  2 hippogriffs
  A spriggan (D:9)
  2 humans (D:8)
  Eustachio (D:4)
  Menkaure (D:5)
  A steam dragon (D:6)
  3 orc warriors
  2 porcupines (D:10)
  5 ogres
  3 phantoms
  4 sky beasts
  2 black bears
  4 centaurs
  A crocodile (D:9)
  5 bullfrogs
  6 killer bees
  4 scorpions
  5 howler monkeys
  4 wights (D:6)
  2 crimson imps
  2 centaur zombies
  3 jellies
  5 orc priests
  2 bullfrog skeletons
  4 hounds
  7 orc wizards
  A hell rat (D:10)
  10 worker ants
  2 hound zombies
  A worker ant zombie (D:5)
  Robin (D:3)
  13 adders
  2 river rats
  2 shadow imps
  An ooze (D:1)
  An adder zombie (D:8)
  8 dart slugs
  6 leopard geckos
  24 orcs
  5 giant cockroaches
  8 goblins
  13 hobgoblins
  24 jackals
  8 kobolds
  4 quokkas
  2 ball pythons
  15 bats
  6 frilled lizards
  A jackal skeleton (D:6)
  A quokka skeleton (D:4)
  6 rats
259 creatures vanquished.

Vanquished Creatures (others)
  3 slaves (D:7)
  An orc priest (D:7)
  An adder (D:7)
  An orc (D:7)
6 creatures vanquished.

Grand Total: 265 creatures vanquished

Notes
Turn   | Place    | Note
-------+----------+-------------------------------------------
     0 | D:1      | Kidiri the Deep Elf Fire Elementalist began the quest for the Orb.
     0 | D:1      | Reached XP level 1. HP: 10/10 MP: 6/6
   255 | D:1      | Reached XP level 2. HP: 11/15 MP: 2/8
   259 | D:1      | Learned a level 2 spell: Throw Flame
   692 | D:1      | Reached skill level 4 in Spellcasting
   916 | D:1      | Reached XP level 3. HP: 19/19 MP: 7/10
   921 | D:1      | Learned a level 3 spell: Conjure Flame
   925 | D:1      | Learned a level 3 spell: Inner Flame
  1627 | D:2      | Reached XP level 4. HP: 24/24 MP: 4/12
  2393 | D:3      | Reached skill level 5 in Spellcasting
  2404 | D:3      | Learned a level 4 spell: Sticky Flame
  2506 | D:3      | Reached XP level 5. HP: 28/28 MP: 6/15
  2655 | D:3      | Noticed Robin
  2688 | D:3      | Killed Robin
  2705 | D:3      | HP: 1/28 [poisoned by a kobold]
  3095 | D:3      | Reached skill level 6 in Spellcasting
  3328 | D:3      | Noticed a centaur
  3336 | D:3      | Killed a centaur
  3336 | D:3      | Reached XP level 6. HP: 25/32 MP: 10/17
  3343 | D:3      | Learned a level 5 spell: Fireball
  3517 | D:3      | Found a bloodstained altar of Trog.
  3839 | D:4      | Reached skill level 7 in Spellcasting
  3839 | D:4      | Reached skill level 5 in Fire Magic
  3937 | D:4      | Noticed Eustachio
  3954 | D:4      | Killed Eustachio
  3954 | D:4      | Reached skill level 1 in Fighting
  3954 | D:4      | Reached skill level 1 in Short Blades
  3954 | D:4      | Reached XP level 7. HP: 37/38 MP: 7/19
  3966 | D:4      | Reached skill level 1 in Armour
  4273 | D:4      | Found a burning altar of Makhleb.
  4936 | D:5      | Entered Level 5 of the Dungeon
  5020 | D:5      | Reached skill level 8 in Spellcasting
  5089 | D:5      | Reached XP level 8. HP: 37/43 MP: 13/22
  5138 | D:5      | Noticed Menkaure
  5147 | D:5      | Killed Menkaure
  5585 | D:5      | Found a shimmering altar of Xom.
  5698 | D:5      | Found an ornate altar of the Wu Jian Council.
  5814 | D:6      | Found an opulent altar of Gozag.
  5929 | D:6      | Found a staircase to the Ecumenical Temple.
  5938 | Temple   | Entered the Ecumenical Temple
  5980 | Temple   | Became a worshipper of Vehumet
  6062 | D:6      | Noticed tidbits's ghost (novice VSAM)
  6081 | D:6      | Killed tidbits's ghost
  6223 | D:6      | Reached skill level 9 in Spellcasting
  6259 | D:6      | Gained mutation: You have large cloven feet. [mutagenic meat]
  6260 | D:6      | Gained mutation: Armour fits poorly on your strangely shaped body. [mutagenic meat]
  6261 | D:6      | Gained mutation: Your mind is acute. (Int +2) [mutagenic meat]
  6262 | D:6      | Gained mutation: Your flesh is heat resistant. (rF+) [mutagenic meat]
  6284 | D:6      | Found a glowing silver altar of Zin.
  6344 | D:6      | Found a deep blue altar of Sif Muna.
  6734 | D:7      | Reached XP level 9. HP: 49/49 MP: 7/24
  6736 | D:7      | Reached skill level 5 in Conjurations
  7125 | D:7      | Noticed Pikel
  7148 | D:7      | Killed Pikel
  7148 | D:7      | Reached skill level 5 in Dodging
  7148 | D:7      | Reached skill level 1 in Shields
  7380 | D:7      | Reached * piety under Vehumet
  7380 | D:7      | Offered knowledge of Magic Dart by Vehumet.
  7537 | D:7      | Reached skill level 10 in Spellcasting
  7549 | D:7      | Found a sacrificial altar of Ru.
  7556 | D:7      | Found a shattered altar of Ashenzari.
  7990 | D:8      | Found an iron altar of Okawaru.
  8704 | D:8      | Found a hazy altar of Hepliaklqana.
  8704 | D:8      | Found a shadowy altar of Dithmenos.
  8706 | D:8      | Found an ancient bone altar of Kikubaaqudgha.
  8707 | D:8      | Found a sparkling altar of Nemelex Xobeh.
  8707 | D:8      | Found a white marble altar of Elyvilon.
  8708 | D:8      | Found a glowing golden altar of the Shining One.
  8750 | D:8      | Reached ** piety under Vehumet
  8924 | D:8      | Noticed Maurice
  8952 | D:8      | Killed Maurice
  8952 | D:8      | Offered knowledge of Sandblast by Vehumet.
  8952 | D:8      | Reached XP level 10. HP: 56/56 MP: 10/26
  9060 | D:8      | Noticed Erica
  9078 | D:8      | Killed Erica
  9078 | D:8      | Reached skill level 11 in Spellcasting
 10004 | D:9      | Noticed a two-headed ogre
 10032 | D:9      | Killed a two-headed ogre
 10285 | D:9      | Learned a level 1 spell: Sandblast
 10485 | D:9      | Got a transparent dagger
 10491 | D:9      | Identified the +6 dagger of Meaclu {vamp, *Rage Dex+7} (You found it on level 9 of the Dungeon)
 10635 | D:9      | Reached skill level 1 in Earth Magic
 11229 | D:9      | Offered knowledge of Ignite Poison by Vehumet.
 11239 | D:9      | Learned a level 3 spell: Ignite Poison
 11356 | D:10     | Entered Level 10 of the Dungeon
 11356 | D:10     | Found a staircase to the Orcish Mines.
 11365 | D:10     | Noticed motkurip's ghost (novice MiGl)
 11388 | D:10     | Killed motkurip's ghost
 11388 | D:10     | Reached skill level 5 in Short Blades
 11388 | D:10     | Reached skill level 12 in Spellcasting
 11388 | D:10     | Reached XP level 11. HP: 30/62 MP: 15/29
 11409 | D:10     | Noticed a death yak
 11426 | D:10     | Noticed Erolcha
 11517 | D:10     | Found a flagged portal.
 11641 | D:10     | Paralysed by a hornet for 3 turns
 11716 | D:10     | Noticed a death yak
 11718 | D:10     | Noticed a death yak
 11762 | D:10     | Noticed Josephine
 11771 | D:10     | Noticed Psyche
 12187 | D:9      | Killed a death yak
 12187 | D:9      | Reached skill level 5 in Fighting
 12538 | D:9      | Killed a death yak
 12715 | D:9      | Reached *** piety under Vehumet
 12867 | D:10     | Killed a death yak
 12947 | D:10     | Found a staircase to the Lair.
 13007 | D:10     | Slain by a troll

Vault maps used:
D:1:      onia_arrival_pentagram, minmay_misc_feat_doors
D:2:      first_bread
D:3:      lemuel_crystal_altar, uniq_sigmund, uniq_robin
D:4:      bloody_makhleb, uniq_eustachio
D:5:      kennysheep_mini_moat, basic_altar, uniq_menkaure
D:6:      marbit_many_paths, old_standard_altar, lemuel_round_altar,
          minmay_temple_entry_glass
D:7:      amethyst_overflow_temple_binary, uniq_pikel
D:8:      grunt_temple_overflow_open, okawaru_humans, uniq_erica, uniq_maurice
D:9:      the_bakery
D:10:     dpeg_lair_monsters, orc_0_dummy, enter_bailey_8, serial_shops,
          nicolae_shop_crystal, kennysheep_mini, uniq_psyche, uniq_sonja,
          uniq_josephine, uniq_erolcha
Temple:   corrupted_temple

Skill      XL: |  1  2  3  4  5  6  7  8  9 10 11 |
---------------+----------------------------------+-----
Spellcasting   | 4 5 6 7 8 9 10 12 | 12.5
Conjurations   | 2 3 4 5 6 7 |  7.0
Fire Magic     | 4 5 6 7 |  7.8
Fighting       | 1 2 3 4 5 |  5.1
Short Blades   | 1 3 4 5 |  5.4
Dodging        | 3 4 5 6 7 |  7.3
Armour         | 1 2 3 4 |  4.6
Shields        | 2 3 |  3.6
Earth Magic    | 1 2 |  2.5
Stealth        | |  2.4

Action                   |  1- 3 |  4- 6 |  7- 9 | 10-12 || total
-------------------------+-------+-------+-------+-------++-------
Melee: Dagger            |     5 |    82 |    71 |    90 ||   248
       Kick              |       |       |     2 |     1 ||     3
 Cast: Flame Tongue      |    50 |    75 |   133 |   135 ||   393
       Throw Flame       |    18 |     9 |    30 |    31 ||    88
       Conjure Flame     |       |     3 |    10 |    13 ||    26
       Inner Flame       |       |     2 |     6 |     6 ||    14
       Sticky Flame      |       |     3 |    26 |    31 ||    60
       Fireball          |       |       |     4 |     5 ||     9
       Ignite Poison     |       |       |       |     1 ||     1
  Use: Scroll            |     3 |     3 |    17 |     6 ||    29
       Potion            |       |     2 |       |     6 ||     8
 Stab: Sleeping          |     1 |     3 |     3 |     1 ||     8
  Eat: Chunk             |     2 |     8 |    15 |    11 ||    36
       Royal jelly       |       |       |     3 |     1 ||     4
       Fruit             |       |       |       |     7 ||     7
Armor: Robe              |     7 |    30 |    11 |    16 ||    64
Dodge: Dodged            |    19 |    83 |    61 |   100 ||   263
Block: Buckler           |       |       |       |    37 ||    37

Table legend:
 A = Spawn XP
 B = Non-spawn XP
 C = Spawn XP percentage of total XP
 D = Spawn monster count
 E = Non-spawn monster count
 F = Spawn count percentage of total count
 G = Total turns spent on level
                    A         B        C        D         E        F      G
               +---------+---------+-------+---------+---------+-------+---------
         Total |    2136 |   14280 |  13.0 |      47 |     212 |  18.1 | 13007
               +---------+---------+-------+---------+---------+-------+---------
           D:1 |      13 |      48 |  21.3 |       7 |      22 |  24.1 |  1326
           D:2 |      16 |      51 |  23.9 |       3 |      22 |  12.0 |  1030
           D:3 |       5 |     329 |   1.5 |       3 |      43 |   6.5 |  1451
           D:4 |      34 |     741 |   4.4 |       3 |      15 |  16.7 |  1131
           D:5 |      42 |     455 |   8.5 |       1 |      12 |   7.7 |   850
           D:6 |      33 |    1025 |   3.1 |       1 |      15 |   6.2 |   876
           D:7 |     363 |    1236 |  22.7 |       8 |      20 |  28.6 |  1121
           D:8 |     623 |    2376 |  20.8 |       7 |      17 |  29.2 |  1996
           D:9 |     484 |    4940 |   8.9 |      12 |      30 |  28.6 |  2506
          D:10 |     523 |    3079 |  14.5 |       2 |      16 |  11.1 |   632
               +---------+---------+-------+---------+---------+-------+---------
